 Dungeon Crawl Stone Soup version 0.30-b1-2-g02819fbbbe (webtiles) character file.

Game seed: 10964239396613451559

3859 Borgoz the Fighter (level 10, -2/65 HPs)
             Began as a Gargoyle Berserker on June 17, 2023.
             Was a Priest of Trog.
             Slain by a wolf (5 damage)
             ... led by Grum
             ... on level 8 of the Dungeon.
             The game lasted 00:12:16 (6627 turns).

Borgoz the Fighter (Gargoyle Berserker)             Turns: 6627, Time: 00:12:17

Health: -2/65      AC: 17    Str: 28    XL:     10   Next: 18%
Magic:  10/10      EV: 14    Int: 10    God:    Trog [***...]
Gold:   359        SH:  0    Dex: 13    Spells: 9/9 levels left

rFire   + . .        g - +3 long sword
rCold   + . .        (no shield)
rNeg    + . .        x - +0 leather armour {rC+}
rPois   ∞            n - +2 hat
rElec   +            e - +0 cloak
rCorr   .            r - +0 pair of gloves
SInv    .            p - +0 pair of boots
Will    .....        (no amulet)
Stlth   +            f - ring of protection from fire
HPRegen 0.30/turn    t - ring "Owiuso Bavo" {Str+6 Int+3}
MPRegen 0.12/turn

%: no passive effects
@: brilliant, on berserk cooldown, slowed, very slow
A: sickness immunity, AC +7, negative energy resistance 1, electricity
resistance, torment resistance 1, petrification resistance
a: Renounce Religion, Berserk, Trog's Hand


You were on level 8 of the Dungeon.
You worshipped Trog.
Trog was most pleased with you.
You visited 1 branch of the dungeon, and saw 8 of its levels.

You collected 359 gold pieces.

Inventory:

Hand Weapons
 g - a +3 long sword (weapon)
Armour
 e - a +0 cloak (worn)
 j - the +0 robe "Miyph" {+Inv rElec rF+}
   (You found it on level 4 of the Dungeon)

   rF:        It protects you from fire.
   rElec:     It insulates you from electricity.
   +Inv:      It lets you turn invisible.
 n - a +2 hat (worn)
 p - a +0 pair of boots (worn)
 r - a +0 pair of gloves (worn)
 x - a +0 leather armour of cold resistance (worn)
Jewellery
 f - a ring of protection from fire (left hand)
 q - a ring of ice
 s - a ring of positive energy
 t - the ring "Owiuso Bavo" (right hand) {Str+6 Int+3}
   (You acquired it on level 5 of the Dungeon)

   [ring of strength]

   Str:       It affects your strength (+6).
   Int:       It affects your intelligence (+3).
Wands
 w - a wand of flame (15)
 y - a wand of charming (8)
Scrolls
 c - 3 scrolls of silence
 m - 3 scrolls of fog
 B - a scroll of brand weapon {unknown}
Potions
 a - a potion of haste {unknown}
 b - a potion of degeneration {unknown}
 d - a potion of mutation {unknown}
 h - 3 potions of might
 i - a potion of magic
 k - a potion of attraction
 l - 3 potions of flight {unknown}
 o - a potion of lignification {unknown}
 u - 2 potions of heal wounds {unknown}
 v - 2 potions of brilliance
 z - 2 potions of ambrosia {unknown}
 A - a potion of curing {unknown}


   Skills:
 + Level 8.6 Fighting
 + Level 7.1 Long Blades
 + Level 8.1 Armour
 + Level 6.2 Dodging


You had 9 spell levels left.
You didn't know any spells.
Your spell library was empty.

Dungeon Overview and Level Annotations

Branches:
Dungeon (8/15)             Temple (0/1) D:7
   Lair: D:8-11

Altars:
Makhleb
Sif Muna
Vehumet
Zin

Shops:
D:4 :   D:6 =

Annotations:
D:8 Grum


Innate Abilities, Weirdness & Mutations

You are immune to sickness and miasma.
Your stone body is resilient. (AC +7)
You are immune to poison.
You resist negative energy. (rN+)
You are resistant to electric shocks. (rElec)
You are resistant to unholy torment.
You are immune to petrification.


Message History

The wolf bites you but does no damage. The wolf barely misses you.
Grum hits you from afar with a -1 halberd!!
You are too injured to fight recklessly!
You are too injured to fight recklessly!
You are too injured to fight recklessly!
You are too injured to fight recklessly!
You are too injured to fight recklessly!
You are too injured to fight recklessly!
You are too injured to fight recklessly!
You are too injured to fight recklessly!
You are too injured to fight recklessly!
You are too injured to fight recklessly!
You are too injured to fight recklessly!
You are too injured to fight recklessly!
You are too injured to fight recklessly!
You are too injured to fight recklessly!
You are too injured to fight recklessly!
You are too injured to fight recklessly!
You closely miss the wolf.
The wolf is heavily wounded.
The wolf bites you!
* * * LOW HITPOINT WARNING * * *
The wolf misses you.
You hit the wolf but do no damage.
The wolf is heavily wounded.
You are no longer berserk.
You are exhausted.
You feel yourself slow down. The wolf misses you.
The wolf completely misses you. Grum completely misses you. The wolf bites you!
* * * LOW HITPOINT WARNING * * *
Okay, then.
Okay, then.
It was a potion of brilliance.
You feel clever all of a sudden. The wolf misses you.
The wolf bites you but does no damage. The wolf barely misses you.
Grum hits you from afar with a -1 halberd.
* * * LOW HITPOINT WARNING * * *
The wolf completely misses you. The wolf bites you.
You die...

............##.#
..........)..#.# .#
...............#### ##..
..............[#..#.#...
..................#.....
........................
........................
........##.......)......
.........#......@h...#
...[).)......$.##hg..>.#
....)...........##......
.....)...#..##..# ##....
........###...... ..#
#........##....... .#
................... #
##.###..#.##... .. ..###


You could see Grum and 2 wolves.

Vanquished Creatures
  Pikel (D:7)
  The ghost of snakesoul the Shooter, a novice KoHu (D:5)
  A hornet (D:8)
  Prince Ribbit (D:6)
  Grinder (D:3)
  Edmund (D:6)
  3 water moccasins
  A black bear (D:4)
  A sky beast (D:7)
  2 wolves (D:8)
  2 ogres
  4 centaurs
  A lemure (D:8)
  2 phantoms
  A kobold brigand (D:6)
  A bullfrog (D:5)
  5 scorpions
  A hound (D:7)
  2 gnoll boudas
  5 orc priests
  Crazy Yiuf (D:4)
  A jelly (D:5)
  5 orc wizards
  22 gnolls
  A shadow imp (D:7)
  5 ufetubi
  2 worms
  2 dart slugs
  24 orcs
  3 bats
  6 endoplasms
  2 giant cockroaches
  7 goblins
  6 hobgoblins
  7 jackals
  11 kobolds
  3 quokkas
  6 ball pythons
  3 frilled lizards
  3 rats
157 creatures vanquished.

Vanquished Creatures (others)
  8 fungi (D:6)
  A plant (D:8)
9 creatures vanquished.

Grand Total: 166 creatures vanquished

Notes
Turn   | Place    | Note
-------+----------+-------------------------------------------
     0 | D:1      | Borgoz the Gargoyle Berserker began the quest for the Orb.
     0 | D:1      | Reached XP level 1. HP: 14/14 MP: 1/1
   231 | D:1      | Reached XP level 2. HP: 7/19 MP: 2/2
  1038 | D:2      | Reached XP level 3. HP: 23/23 MP: 3/3
  1654 | D:3      | Noticed Grinder
  1657 | D:3      | Paralysed by Grinder for 2 turns
  1663 | D:3      | Killed Grinder
  1664 | D:3      | Reached XP level 4. HP: 30/30 MP: 4/4
  1664 | D:3      | Reached XP level 5. HP: 34/34 MP: 5/5
  1664 | D:3      | Reached XP level 6. HP: 39/39 MP: 6/6
  2543 | D:4      | Found a runed translucent door.
  2544 | D:4      | Noticed Crazy Yiuf
  2695 | D:4      | Found a glowing silver altar of Zin.
  2697 | D:4      | Identified the +0 robe "Miyph" {+Inv rElec rF+}
  2703 | D:4      | Found Jeodet's Book Shop.
  2904 | D:4      | Noticed a black bear
  2918 | D:4      | Killed a black bear
  2918 | D:4      | Reached ** piety under Trog
  2919 | D:4      | Reached skill level 5 in Fighting
  2919 | D:4      | Reached XP level 7. HP: 26/44 MP: 7/7
  3054 | D:4      | Found a burning altar of Makhleb.
  3353 | D:4      | Killed Crazy Yiuf
  3414 | D:5      | Entered Level 5 of the Dungeon
  3564 | D:6      | Found a shimmering blue altar of Sif Muna.
  3583 | D:6      | Reached skill level 5 in Armour
  3590 | D:6      | Reached XP level 8. HP: 31/51 MP: 8/8
  3766 | D:6      | Found Iliroror's Jewellery Boutique.
  3786 | D:5      | Found a runed translucent door.
  4109 | D:5      | Reached skill level 5 in Long Blades
  4172 | D:5      | Noticed snakesoul's ghost (novice KoHu)
  4464 | D:5      | Found a runed translucent door.
  4697 | D:5      | Killed snakesoul's ghost
  4724 | D:5      | Identified a scroll of acquirement
  4724 | D:5      | Acquired the ring "Owiuso Bavo" {Str+6 Int+3}
  4808 | D:6      | Noticed Edmund
  4828 | D:6      | Killed Edmund
  4829 | D:6      | Reached XP level 9. HP: 27/56 MP: 9/9
  5153 | D:6      | Reached skill level 5 in Dodging
  5424 | D:7      | Noticed Prince Ribbit
  5470 | D:6      | Killed Prince Ribbit
  5912 | D:7      | Found a radiant altar of Vehumet.
  5930 | D:7      | Reached *** piety under Trog
  6287 | D:7      | Found a staircase to the Ecumenical Temple.
  6339 | D:8      | Noticed a hornet
  6354 | D:8      | Killed a hornet
  6361 | D:8      | Noticed Pikel
  6482 | D:7      | Killed Pikel
  6483 | D:7      | Reached XP level 10. HP: 60/65 MP: 10/10
  6607 | D:8      | Noticed Grum
  6627 | D:8      | HP: 3/65 [Grum/-1 halberd (6)]
  6627 | D:8      | Slain by a wolf

Illustrated notes

Levels and vault maps discovered:
D:1:      minmay_arrival_doors, layout_basic
D:2:      layout_loops_ring
D:3:      layout_basic, uniq_grinder
D:4:      layout_basic, lightli_temple_of_fire, zin_academy, serial_shops,
          nicolae_shop_stone, uniq_crazy_yiuf_cottage
D:5:      layout_basic, ebering_ghost_sewer_f, kennysheep_generic_room_13
D:6:      layout_rooms, mainiacjoe_overflow_cross_hatched, serial_shops, shop,
          uniq_edmund
D:7:      layout_cave_pools, overflow_temple_1_default,
          minmay_temple_entry_antechambers, uniq_prince_ribbit1
D:8:      layout_cave_pools, pdpol_wu_jian_five_deadly_venoms,
          erik_lair_orcish_takeover, ebering_ghost_xom, uniq_pikel, uniq_grum

Skill      XL: |  1  2  3  4  5  6  7  8  9 |
---------------+----------------------------+-----
Long Blades    | 3 4 5 7 |  7.1
Dodging        | 2 3 4 6 |  6.2
Fighting       | 4 5 6 8 |  8.6
Armour         | 3 4 5 6 8 |  8.1

Action                     |  1- 3 |  4- 6 |  7- 9 | 10-12 || total
---------------------------+-------+-------+-------+-------++-------
  Melee: Falchion          |    69 |       |       |       ||    69
         Long sword        |    41 |   104 |   427 |    35 ||   607
         Punch             |     1 |     1 |     3 |     1 ||     6
  Throw: Throwing net      |       |       |     1 |       ||     1
 Invoke: Berserk           |     1 |       |    15 |     1 ||    17
         Trog's Hand       |       |       |     4 |       ||     4
    Use: Scroll            |     3 |     3 |     8 |       ||    14
         Potion            |       |       |     1 |     1 ||     2
   Stab: Sleeping          |     1 |       |       |       ||     1
         Held in net/web   |       |       |     1 |       ||     1
 Armour: Animal skin       |    22 |       |       |       ||    22
         Ring mail         |    13 |   118 |    79 |       ||   210
         Leather armour    |       |       |   242 |    29 ||   271
  Dodge: Dodged            |    81 |   126 |   487 |    61 ||   755
